 Dungeon Crawl Stone Soup version 0.31-a0-234-gad7ace16ef (webtiles) character file.

Game seed: 14793059499966091953

31 qw the Shooter (level 3, 0/21 HPs)
             Began as a Gargoyle Hexslinger on July 9, 2023.
             Slain by a gnoll
             ... wielding a +0 flail
              (7 damage)
             ... on level 1 of the Dungeon.
             The game lasted 00:00:23 (1102 turns).

qw the Shooter (Gargoyle Hexslinger)                Turns: 1102, Time: 00:00:23

Health: 0/21       AC:  8    Str: 11    XL:     3   Next: 22%
Magic:  4/4        EV: 10    Int: 13    God:
Gold:   20         SH:  0    Dex: 14    Spells: 3/4 levels left

rFire   . . .        Y - +1 sling
rCold   . . .        (no shield)
rNeg    + . .        h - +0 ring mail
rPois   inf          (no helmet)
rElec   +            (no cloak)
rCorr   .            (no gloves)
SInv    .            (no boots)
Will    .....        (no amulet)
Stlth   +            (no ring)
HPRegen 0.23/turn    (no ring)
MPRegen 0.09/turn

%: no passive effects
@: no status effects
A: sickness immunity, AC +3, negative energy resistance 1, electricity
resistance, torment resistance 1, petrification resistance
a: no special abilities


You were on level 1 of the Dungeon.
You visited 1 branch of the dungeon, and saw 2 of its levels.

You collected 20 gold pieces.


Innate Abilities, Weirdness & Mutations

You are immune to sickness and miasma.
Your stone body is resilient. (AC +3)
You are immune to poison.
You resist negative energy. (rN+)
You are resistant to electric shocks. (rElec)
You are resistant to unholy torment.
You are immune to petrification.


   Skills:
 - Level 2.0 Fighting
 + Level 3.2 Ranged Weapons
 - Level 1.5 Dodging
 - Level 1.0 Spellcasting
 - Level 2.6 Hexes


You had 3 spell levels left.
You knew the following spells:

 Your Spells              Type           Power      Damage    Failure   Level
a - Slow                  Hex            28%        N/A       22%         1

Your spell library contained the following spells:

 Spells                   Type           Power      Damage    Failure   Level
 Inner Flame              Hex/Fire       4%         N/A       75%         3
 Portal Projectile        Hex/Tloc       8%         N/A       75%         3
 Cause Fear               Hex            3%         N/A       92%         4

Inventory:

Hand Weapons
 Y - a +1 sling (weapon)
Armour
 h - a +0 ring mail (worn)
Scrolls
 e - a scroll of identify
Potions
 g - a potion of curing

Dungeon Overview and Level Annotations

Branches:
Dungeon (2/15)

Altars:


Message History

You shoot a sling bullet.
The sling bullet hits the gnoll but does no damage.
The gnoll misses you.
You shoot a sling bullet.
The sling bullet closely misses the gnoll.
The gnoll barely misses you.
You shoot a sling bullet.
The sling bullet barely misses the gnoll.
The gnoll hits you from afar with a +0 spear.
The gnoll barely misses you. x2; The gnoll hits you but does no damage.
1052 ||| STAIRDANCE The gnoll hits you but does no damage.
The gnoll hits you from afar with a +0 spear.
You climb upwards.
There is a stone staircase leading down here.
Enter note:
Enter note:
Enter note:
Enter note:
Enter note: You start resting.
HP restored.
Done exploring.
(D) Dungeon
Where to? (* - list waypoints, Enter - D:2, ? - help)
What level of the Dungeon? (default 1, ? - help)
You climb downwards.
The gnoll hits you with a +0 flail.
There is a stone staircase leading up here.
1099 ||| STAIRDANCE The gnoll hits you with a +0 flail.
You climb upwards.
There is a stone staircase leading down here.
You shoot a sling bullet. The sling bullet hits the gnoll.
The gnoll is moderately wounded.
The gnoll closely misses you. The gnoll hits you with a +0 flail!
You shoot a sling bullet.
The sling bullet hits the gnoll but does no damage.
The gnoll is moderately wounded.
The gnoll hits you with a +0 flail!
You die...

.........# #..### #..### #..##
.........# ###..# ###..# ###..
.........######..######..######..
...........##......##......##....
.####'##...##......##......##....
r# #.#####......##%.....##......
.# #.# #......##......##......
.####.# ####....#.........##..#
..r.#.# ##g@##########.##.##
###.#.# ##.# #....# ###r#.#
#.#### ####.## ..#.#.# #....#
#..# .##.#.# #######.##### ##.#
..#.#.#######...........## #..
r)#.#.........###.#####..# ##.
.l#.####.###### #.######.## #####
....# #...# ###....###..###.###


You could see a gnoll.

Vanquished Creatures
  A dart slug (D:1)
  2 giant cockroaches (D:1)
  3 goblins (D:1)
  3 hobgoblins (D:1)
  4 jackals (D:1)
  2 kobolds (D:1)
  2 quokkas (D:1)
  A ball python (D:1)
  4 bats (D:1)
  2 frilled lizards (D:1)
  A rat (D:1)
25 creatures vanquished.

Notes
Turn   | Place    | Note
-------+----------+-------------------------------------------
     0 | D:1      | qw the Gargoyle Hexslinger began the quest for the Orb.
     0 | D:1      | Reached XP level 1. HP: 12/12 MP: 2/2
     0 | D:1      | 0 ||| qw: Version: 0.3-a-51-g015441d
     0 | D:1      | 0 ||| qw: Game counter: 4138
     0 | D:1      | 0 ||| qw: Melee chars always use a shield: true
     0 | D:1      | 0 ||| qw: God list: Okawaru
     0 | D:1      | 0 ||| qw: Allow faded altars: false
     0 | D:1      | 0 ||| qw: Do Orc after clearing Dungeon:15 true
     0 | D:1      | 0 ||| qw: Do second Lair branch before Depths: true
     0 | D:1      | 0 ||| qw: Lair rune preference: random
     0 | D:1      | 0 ||| qw: Goals: Normal
     0 | D:1      | 0 ||| PLANNING D:1-11
   113 | D:1      | Found a faded altar of an unknown god.
   242 | D:1      | Reached XP level 2. HP: 16/16 MP: 3/3
   304 | D:1      | Reached skill level 3 in Ranged Weapons
   511 | D:1      | Reached XP level 3. HP: 21/21 MP: 4/4
   987 | D:1      | 987 ||| UPGRADING to +0 ring mail.
   997 | D:1      | 997 ||| DROPPING +0 robe.
   998 | D:1      | 998 ||| READING 2 scrolls labelled KOHIAMYFOI.
   999 | D:1      | 999 ||| READING 2 scrolls labelled RICOUZX RUOS.
  1000 | D:1      | 1000 ||| READING scroll labelled MOIRIP JOTIL.
  1001 | D:1      | 1001 ||| READING scroll labelled OTECVE HUIT.
  1002 | D:1      | 1002 ||| DRINKING 2 clear potions.
  1003 | D:1      | 1003 ||| DROPPING scroll of vulnerability.
  1004 | D:1      | 1004 ||| DROPPING scroll of poison.
  1052 | D:2      | 1052 ||| STAIRDANCE
  1099 | D:2      | 1099 ||| STAIRDANCE
  1102 | D:1      | Slain by a gnoll

Levels and vault maps discovered:
D:1:      elethiomel_arrival_infinity_welcomes_careful_drivers, layout_basic,
          basic_ecumenical_altar, minmay_misc_feat_iff,
          nicolae_houndstooth_variations
D:2:      layout_rooms, serial_forest, infiniplex_forest_lined_2,
          infiniplex_forest_clump_medium, infiniplex_forest_lined_2,
          infiniplex_forest_clump_small, infiniplex_forest_clump_C,
          infiniplex_forest_lined_ring, infiniplex_forest_zigzag_1,
          infiniplex_forest_lined_1, hangedman_abyss_or_decor_lesser_grid

Skill      XL: |  1  2 |
---------------+-------+-----
Ranged Weapons | 3 |  3.2
Fighting       | 2 |  2.0
Dodging        | |  1.5
Spellcasting   | |  1.0
Hexes          | |  2.6

Action                     || total
---------------------------++-------
   Fire: Sling             ||    96
    Use: Scroll            ||     4
         Potion            ||     1
 Armour: Robe              ||    26
         Ring mail         ||     2
  Dodge: Dodged            ||    53

Table legend:
 A = Non-vault XP
 B = Vault XP
 C = Vault XP percentage of total XP
 D = Non-vault monster count
 E = Vault monster count
 F = Vault count percentage of total count
                 A         B        C        D         E       F
            +---------+---------+-------+---------+---------+-------
      Total |      45 |       0 |   0.0 |      25 |       0 |   0.0
            +---------+---------+-------+---------+---------+-------
        D:1 |      45 |       0 |   0.0 |      25 |       0 |   0.0
            +---------+---------+-------+---------+---------+-------
